MID
LAKE COUNTY CAPTAINS @ WEST MICHIGAN WHITECAPS
08/20/2099
 
TOP OF THE 1ST
Lake County Captains batting - Pitching for West Michigan Whitecaps : RHP Brad D'Attilo
Pitching: RHP Brad D'Attilo
Batting: RHB Justin Stevenson 0-0: Ball
1-0: Swinging Strike
1-1: Ball
2-1: Ball
3-1: Base on Balls
Batting: SHB Collin Hays 0-0: Ball
1-0: Called Strike
1-1: Foul Ball, location: 9LSF
1-2: Foul Ball, location: 5DF
1-2: Ball
2-2: Ball
3-2: Foul Ball, location: 2RF
3-2: Foul Ball, location: 2F
3-2: SINGLE (Line Drive, 4MD, EV 99.4 MPH)
Justin Stevenson to second
Batting: RHB Wayne Davis 0-0: Ball
1-0: Called Strike
1-1: Ball
2-1: Swinging Strike
2-2: Ball
3-2: Base on Balls
Justin Stevenson to third
Collin Hays to second
Batting: RHB Carlos Adame 0-0: Swinging Strike
0-1: Ball
1-1: Ball
2-1: Foul Ball, location: 9LMF
2-2: Foul Ball, location: 2F
2-2: Ball
3-2: Base on Balls
Justin Stevenson scores
Collin Hays to third
Wayne Davis to second
Batting: RHB Ralph Monti 0-0: Ball
1-0: Grounds into fielders choice 6-2 (Groundball, 6S, EV 61.9 MPH)
Wayne Davis to third
Carlos Adame to second
Batting: RHB Alex Avitia 0-0: Swinging Strike
0-1: Swinging Strike
0-2: Strikes out looking
Batting: RHB Jerry Alvarado 0-0: Called Strike
0-1: Foul Ball, location: 9LMF
0-2: Strikes out swinging
Top of the 1st over - 1 run, 1 hit, 0 errors, 3 left on base; Lake County 1 - West Michigan 0
BOTTOM OF THE 1ST
West Michigan Whitecaps batting - Pitching for Lake County Captains : RHP Jason Pettus
Pitching: RHP Jason Pettus
Batting: RHB Nate Deichler 0-0: Ball
1-0: Called Strike
1-1: Foul Ball, location: 2F
1-2: Ball
2-2: Ball
3-2: Foul Ball, location: 2F
3-2: Foul Ball, location: 25F
3-2: SINGLE (Line Drive, 56D, EV 100.6 MPH)
Batting: RHB Juan Camargo 0-0: Ball
1-0: Ball
2-0: 2-RUN HOME RUN (Flyball, 9LD, EV 92.5 MPH), Distance : 335 ft
Batting: LHB Chris Visser 0-0: Ball
1-0: Called Strike
1-1: Ball
2-1: Ground out 4-3 (Groundball, 4, EV 80.6 MPH)
Batting: SHB Ryan Larson 0-0: Called Strike
0-1: Foul Ball, location: 5FF
0-2: Ground out 4-3 (Groundball, 4, EV 85.6 MPH)
Batting: RHB Alamen Jodlowski 0-0: Ball
1-0: Ball
2-0: Called Strike
2-1: Swinging Strike
2-2: Foul Ball, location: 7LDF
2-2: Foul Ball, location: 2F
2-2: Foul Ball, location: 9LDF
2-2: Ball
3-2: Foul Ball, location: 9LSF
3-2: Strikes out swinging
Bottom of the 1st over - 2 runs, 2 hits, 0 errors, 0 left on base; Lake County 1 - West Michigan 2
TOP OF THE 2ND
Lake County Captains batting - Pitching for West Michigan Whitecaps : RHP Brad D'Attilo
Batting: RHB Jesus Sanchez 0-0: Ball
1-0: Ball
2-0: Ball
3-0: Called Strike
3-1: Foul Ball, location: 9LSF
3-2: Ground out 6-3 (Groundball, 6S, EV 68.1 MPH)
Batting: RHB Chad Black 0-0: Ground out 6-3 (Groundball, 6, EV 83.1 MPH)
Batting: RHB Justin Stevenson 0-0: Ground out U3 (Groundball, 3S, EV 88.1 MPH)
Top of the 2nd over - 0 runs, 0 hits, 0 errors, 0 left on base; Lake County 1 - West Michigan 2
BOTTOM OF THE 2ND
West Michigan Whitecaps batting - Pitching for Lake County Captains : RHP Jason Pettus
Batting: LHB A.J. Badger 0-0: Called Strike
0-1: Swinging Strike
0-2: Strikes out swinging
Batting: RHB Erik Campbell 0-0: SINGLE (Line Drive, 4MD, EV 94.4 MPH)
Batting: RHB Gustavo Rosales 0-0: Fly out, F4 (Popup, 4, EV 50.0 MPH)
Batting: RHB Justin Norrod 0-0: Ball
1-0: Ground out 1-3 (Groundball, 15S, EV 68.1 MPH)
Bottom of the 2nd over - 0 runs, 1 hit, 0 errors, 1 left on base; Lake County 1 - West Michigan 2
TOP OF THE 3RD
Lake County Captains batting - Pitching for West Michigan Whitecaps : RHP Brad D'Attilo
Batting: SHB Collin Hays 0-0: Ball
1-0: Ball
2-0: Ball
3-0: Base on Balls
Batting: RHB Wayne Davis 0-0: Foul Ball, location: 2F
0-1: Swinging Strike
0-2: Ball
1-2: Foul Ball, location: 25F
1-2: Ball
2-2: Ball
3-2: Fly out, F9 (Flyball, 9, EV 96.9 MPH)
Batting: RHB Carlos Adame 0-0: Ball
1-0: Foul Ball, location: 3FF
1-1: Ball
2-1: Ball
3-1: Foul Ball, location: 2F
3-2: Base on Balls
Collin Hays to second
Batting: RHB Ralph Monti 0-0: Swinging Strike
0-1: Ball
1-1: Ball
2-1: Ball
3-1: SINGLE (Groundball, 6M, EV 92.5 MPH) (infield hit)
Collin Hays to third
Carlos Adame to second
Batting: RHB Alex Avitia 0-0: Foul Ball, location: 2F
0-1: Ball
Wild Pitch!
Collin Hays scores
Carlos Adame to third
Ralph Monti to second
1-1: Ground out 6-3 (Groundball, 6, EV 88.8 MPH)
Batting: RHB Jerry Alvarado 0-0: Ground out 5-3 (Groundball, 56, EV 83.8 MPH)
Top of the 3rd over - 1 run, 1 hit, 0 errors, 2 left on base; Lake County 2 - West Michigan 2
BOTTOM OF THE 3RD
West Michigan Whitecaps batting - Pitching for Lake County Captains : RHP Jason Pettus
Batting: RHB Nate Deichler 0-0: Foul Ball, location: 2F
0-1: Swinging Strike
0-2: Ball
1-2: Ball
2-2: Foul Ball, location: 23F
2-2: Ball
3-2: Fly out, F8 (Flyball, 8RM, EV 95.0 MPH)
Batting: RHB Juan Camargo 0-0: Called Strike
0-1: Foul Ball, location: 2F
0-2: Ball
1-2: Foul Ball, location: 9LMF
1-2: Ball
2-2: Ball
3-2: Foul Ball, location: 9LSF
3-2: Foul Ball, location: 2F
3-2: Foul Ball, location: 2F
3-2: Strikes out swinging
Batting: LHB Chris Visser 0-0: Ball
1-0: Fly out, F4 (Line Drive, 4M, EV 71.9 MPH)
Bottom of the 3rd over - 0 runs, 0 hits, 0 errors, 0 left on base; Lake County 2 - West Michigan 2
TOP OF THE 4TH
Lake County Captains batting - Pitching for West Michigan Whitecaps : RHP Brad D'Attilo
Batting: RHB Jesus Sanchez 0-0: Ball
1-0: Foul Ball, location: 5FF
1-1: Ball
2-1: Swinging Strike
2-2: Foul Ball, location: 2F
2-2: SINGLE (Groundball, 34D, EV 97.5 MPH)
Batting: RHB Chad Black 0-0: Ball
1-0: Ball
2-0: Ball
3-0: Called Strike
3-1: Base on Balls
Jesus Sanchez to second
Batting: RHB Justin Stevenson 0-0: Ball
1-0: Ball
2-0: Called Strike
2-1: SINGLE (Groundball, 6S, EV 84.4 MPH)
Jesus Sanchez to third
Chad Black to second
Runner from 3rd tries for Home, SAFE, throw by CF to home
Batting: SHB Collin Hays 0-0: Ball
1-0: Swinging Strike
1-1: Ball
2-1: Called Strike
2-2: SINGLE (Flyball, 5D, EV 95.6 MPH)
Chad Black to third
Justin Stevenson to second
Batting: RHB Wayne Davis 0-0: Called Strike
0-1: Fly out, F9 (Flyball, 89M, EV 83.1 MPH)
Runner from 3rd tags up, SCORES, throw by RF
Batting: RHB Carlos Adame 0-0: Called Strike
0-1: Foul Ball, location: 5DF
0-2: Ball
1-2: Ball
2-2: Fly out, F3 (Popup, 34S, EV 73.1 MPH)
Batting: RHB Ralph Monti 0-0: Called Strike
0-1: Ball
1-1: SINGLE (Line Drive, 8RS, EV 103.1 MPH)
Justin Stevenson to third
Collin Hays to second
Runner from 3rd tries for Home, SAFE, throw by CF to home
Pitching: LHP Alex Ballesteros
Batting: RHB Alex Avitia 0-0: Foul Ball, location: 25F
0-1: Ball
1-1: Called Strike
1-2: Foul Ball, location: 9LMF
1-2: Foul Ball, location: 9LMF
1-2: Ball
2-2: Ball
3-2: Ground out U3 (Groundball, 34S, EV 88.8 MPH)
Top of the 4th over - 3 runs, 4 hits, 0 errors, 2 left on base; Lake County 5 - West Michigan 2
BOTTOM OF THE 4TH
West Michigan Whitecaps batting - Pitching for Lake County Captains : RHP Jason Pettus
Batting: SHB Ryan Larson 0-0: SINGLE (Groundball, 34D, EV 104.4 MPH)
Batting: RHB Alamen Jodlowski 0-0: SINGLE (Groundball, 6M, EV 106.3 MPH) (infield hit)
Ryan Larson to second
Batting: LHB A.J. Badger 0-0: Foul Ball, location: 3DF
0-1: Called Strike
0-2: Ball
1-2: Ball
2-2: Foul Ball, location: 7LSF
2-2: Ball
3-2: Fielders Choice at 2nd, 4-6 (Groundball, 34, EV 97.5 MPH)
Ryan Larson to third
Batting: RHB Erik Campbell 0-0: Ball
1-0: Called Strike
1-1: Foul Ball, location: 5SF
1-2: Fly out, F8 (Flyball, 8LD, EV 93.8 MPH)
Runner from 3rd tags up, SCORES, throw by CF
Batting: RHB Gustavo Rosales 0-0: Ground out 6-3 (Groundball, 6S, EV 73.1 MPH)
Bottom of the 4th over - 1 run, 2 hits, 0 errors, 1 left on base; Lake County 5 - West Michigan 3
TOP OF THE 5TH
Lake County Captains batting - Pitching for West Michigan Whitecaps : LHP Alex Ballesteros
Batting: RHB Jerry Alvarado 0-0: Ball
1-0: Ball
2-0: Ball
3-0: Called Strike
3-1: Called Strike
3-2: Base on Balls
Batting: RHB Jesus Sanchez 0-0: Ball
1-0: Called Strike
1-1: Foul Ball, location: 7LMFF
1-2: Foul Ball, location: 25F
1-2: Foul Ball, location: 2F
1-2: Foul Ball, location: 5F
1-2: Grounds into double play, 6-4-3 (Groundball, 56, EV 86.9 MPH)
Batting: RHB Chad Black 0-0: SINGLE (Line Drive, 78S, EV 104.4 MPH)
Batting: RHB Justin Stevenson 0-0: Ball
1-0: Called Strike
1-1: Foul Ball, location: 2F
1-2: Foul Ball, location: 5FF
1-2: Strikes out swinging
Top of the 5th over - 0 runs, 1 hit, 0 errors, 1 left on base; Lake County 5 - West Michigan 3
BOTTOM OF THE 5TH
West Michigan Whitecaps batting - Pitching for Lake County Captains : RHP Jason Pettus
Batting: RHB Justin Norrod 0-0: Swinging Strike
0-1: Ball
1-1: Foul Ball, location: 9LDF
1-2: Foul Ball, location: 9LSF
1-2: Foul Ball, location: 2F
1-2: Foul Ball, location: 3SF
1-2: Foul Ball, location: 2F
1-2: Foul Ball, location: 2F
1-2: Strikes out swinging
Batting: RHB Nate Deichler 0-0: Ball
1-0: Called Strike
1-1: Fly out, F8 (Line Drive, 8RM, EV 87.5 MPH)
Batting: RHB Juan Camargo 0-0: Foul Ball, location: 9LDF
0-1: Ball
1-1: Swinging Strike
1-2: Ball
2-2: SINGLE (Line Drive, 89S, EV 91.9 MPH)
Batting: LHB Chris Visser 0-0: Foul Ball, location: 5F
0-1: Ball
1-1: Ball
2-1: Called Strike
2-2: Ball
3-2: Strikes out swinging
Bottom of the 5th over - 0 runs, 1 hit, 0 errors, 1 left on base; Lake County 5 - West Michigan 3
TOP OF THE 6TH
Lake County Captains batting - Pitching for West Michigan Whitecaps : LHP Alex Ballesteros
Batting: SHB Collin Hays 0-0: Called Strike
0-1: Ball
1-1: Ball
2-1: Foul Ball, location: 2F
2-2: SINGLE (Groundball, 6MD, EV 104.4 MPH)
Batting: RHB Wayne Davis 0-0: Swinging Strike
0-1: Ball
1-1: 2-RUN HOME RUN (Flyball, 7D, EV 92.5 MPH), Distance : 363 ft
Batting: RHB Carlos Adame 0-0: Swinging Strike
0-1: Called Strike
0-2: Ball
1-2: Ball
2-2: Ball
3-2: Foul Ball, location: 2F
3-2: Foul Ball, location: 2F
3-2: Base on Balls
Batting: RHB Ralph Monti 0-0: Swinging Strike
0-1: Foul Ball, location: 9LDF
0-2: Strikes out swinging
Batting: RHB Alex Avitia 0-0: Ball
1-0: Called Strike
1-1: SINGLE (Groundball, 4MS, EV 73.8 MPH) (infield hit)
Carlos Adame to second
Batting: RHB Jerry Alvarado 0-0: Grounds into double play, 4-6-3 (Groundball, 4, EV 76.3 MPH)
Top of the 6th over - 2 runs, 3 hits, 0 errors, 1 left on base; Lake County 7 - West Michigan 3
BOTTOM OF THE 6TH
West Michigan Whitecaps batting - Pitching for Lake County Captains : RHP Jason Pettus
Batting: SHB Ryan Larson 0-0: Called Strike
0-1: Swinging Strike
0-2: Foul Ball, location: 2F
0-2: Foul Ball, location: 2F
0-2: Ball
1-2: Ball
2-2: Ball
3-2: Foul Ball, location: 3F
3-2: Base on Balls
Batting: RHB Alamen Jodlowski 0-0: Fly out, F9 (Line Drive, 9, EV 100.0 MPH)
Batting: LHB A.J. Badger 0-0: Ball
1-0: Called Strike
1-1: Called Strike
1-2: Foul Ball, location: 7LSF
1-2: Ball
2-2: Strikes out swinging
Batting: RHB Erik Campbell 0-0: Called Strike
0-1: Ball
1-1: Foul Ball, location: 3F
1-2: Strikes out swinging
Bottom of the 6th over - 0 runs, 0 hits, 0 errors, 1 left on base; Lake County 7 - West Michigan 3
TOP OF THE 7TH
Lake County Captains batting - Pitching for West Michigan Whitecaps : LHP Alex Ballesteros
Batting: RHB Jesus Sanchez 0-0: Ball
1-0: Called Strike
1-1: Ball
2-1: Ball
3-1: Foul Ball, location: 2F
3-2: Base on Balls
Batting: RHB Chad Black 0-0: Called Strike
0-1: Grounds into double play, 5-4-3 (Groundball, 5S, EV 80.6 MPH)
Batting: RHB Justin Stevenson 0-0: Called Strike
0-1: Called Strike
0-2: Ball
1-2: Foul Ball, location: 9LMF
1-2: SINGLE (Groundball, 6MD, EV 110.6 MPH)
Pitching: RHP Carlos Burgos
Batting: SHB Collin Hays 0-0: Ball
1-0: Ball
Justin Stevenson steals 2nd base
2-0: Foul Ball, location: 25FF
2-1: Foul Ball, location: 2F
2-2: Foul Ball, location: 3DF
2-2: Foul Ball, location: 3F
2-2: Foul Ball, location: 2F
2-2: SINGLE (Groundball, 34D, EV 105.0 MPH)
Justin Stevenson to third
Runner from 3rd tries for Home, SAFE, throw by RF to home
Batting: RHB Wayne Davis 0-0: Called Strike
0-1: Fielders Choice at 2nd, 5-4 (Groundball, 56, EV 100.6 MPH)
Top of the 7th over - 1 run, 2 hits, 0 errors, 1 left on base; Lake County 8 - West Michigan 3
BOTTOM OF THE 7TH
West Michigan Whitecaps batting - Pitching for Lake County Captains : RHP Jason Pettus
Pitching: RHP Antonio Zaragoza
Batting: RHB Gustavo Rosales 0-0: Ball
1-0: Foul Ball, location: 2F
1-1: Foul Ball, location: 2F
1-2: Foul Ball, location: 25F
1-2: Foul Ball, location: 2F
1-2: Strikes out looking
Pinch Hitting: LHB Gaby Lee 0-0: Fly out, F8 (Flyball, 78D, EV 86.9 MPH)
Batting: RHB Nate Deichler 0-0: Ball
1-0: Called Strike
1-1: Called Strike
1-2: Fly out, F9 (Flyball, 9, EV 86.9 MPH)
Bottom of the 7th over - 0 runs, 0 hits, 0 errors, 0 left on base; Lake County 8 - West Michigan 3
TOP OF THE 8TH
Lake County Captains batting - Pitching for West Michigan Whitecaps : RHP Carlos Burgos
Now at SS: Gaby Lee
Batting: RHB Carlos Adame 0-0: Ball
1-0: Foul Ball, location: 2F
1-1: Foul Ball, location: 2F
1-2: Strikes out looking
Batting: RHB Ralph Monti 0-0: Ball
1-0: Ball
2-0: Swinging Strike
2-1: Foul Ball, location: 25FF
2-2: Foul Ball, location: 9LMF
2-2: Foul Ball, location: 9LSF
2-2: Ball
3-2: Strikes out looking
Batting: RHB Alex Avitia 0-0: Called Strike
0-1: Ground out 3-1 (Groundball, 34S, EV 89.4 MPH)
Top of the 8th over - 0 runs, 0 hits, 0 errors, 0 left on base; Lake County 8 - West Michigan 3
BOTTOM OF THE 8TH
West Michigan Whitecaps batting - Pitching for Lake County Captains : RHP Antonio Zaragoza
Batting: RHB Juan Camargo 0-0: Ball
1-0: Foul Ball, location: 3F
1-1: Called Strike
1-2: Strikes out swinging
Batting: LHB Chris Visser 0-0: Ball
1-0: Reached on error, E6 (Groundball, 56, EV 80.6 MPH)
Batting: SHB Ryan Larson 0-0: Called Strike
0-1: Swinging Strike
0-2: Foul Ball, location: 7LDF
0-2: Fly out, F7 (Line Drive, 7LM, EV 94.4 MPH)
Batting: RHB Alamen Jodlowski 0-0: Called Strike
0-1: Fielders Choice at 2nd, 6-4 (Groundball, 6, EV 91.9 MPH)
Bottom of the 8th over - 0 runs, 0 hits, 1 error, 1 left on base; Lake County 8 - West Michigan 3
TOP OF THE 9TH
Lake County Captains batting - Pitching for West Michigan Whitecaps : RHP Carlos Burgos
Batting: RHB Jerry Alvarado 0-0: Ground out 5-3 (Groundball, 5, EV 90.0 MPH)
Batting: RHB Jesus Sanchez 0-0: Called Strike
0-1: Ball
1-1: Foul Ball, location: 3SF
1-2: DOUBLE (Line Drive, 7LD, EV 102.5 MPH)
Batting: RHB Chad Black 0-0: Ball
1-0: SINGLE (Groundball, 56D, EV 96.3 MPH)
Jesus Sanchez to third
Batting: RHB Justin Stevenson 0-0: Ball
1-0: Called Strike
1-1: Ball
2-1: Foul Ball, location: 2F
2-2: Ball
3-2: Foul Ball, location: 3FF
3-2: Base on Balls
Chad Black to second
Batting: SHB Collin Hays 0-0: Ball
1-0: Ball
2-0: Ball
3-0: Base on Balls
Jesus Sanchez scores
Chad Black to third
Justin Stevenson to second
Batting: RHB Wayne Davis 0-0: Ball
1-0: Ball
2-0: Called Strike
2-1: Swinging Strike
2-2: Foul Ball, location: 5FF
2-2: Foul Ball, location: 5FF
2-2: Fly out, F7 (Flyball, 7, EV 94.4 MPH)
Runner from 3rd tags up, SCORES, throw by LF
Batting: RHB Carlos Adame 0-0: Ball
1-0: Foul Ball, location: 2F
1-1: Swinging Strike
1-2: Fly out, F7 (Line Drive, 7S, EV 98.1 MPH)
Top of the 9th over - 2 runs, 2 hits, 0 errors, 2 left on base; Lake County 10 - West Michigan 3
BOTTOM OF THE 9TH
West Michigan Whitecaps batting - Pitching for Lake County Captains : RHP Antonio Zaragoza
Pinch Hitting: RHB Chris Brassel 0-0: Foul Ball, location: 2F
0-1: Ground out 5-3 (Groundball, 5, EV 83.8 MPH)
Batting: RHB Erik Campbell 0-0: Foul Ball, location: 2F
0-1: Swinging Strike
0-2: Ball
1-2: Ball
2-2: Ground out U3 (Groundball, 3, EV 83.8 MPH)
Batting: RHB Gustavo Rosales 0-0: Called Strike
0-1: Called Strike
0-2: Ball
1-2: Ball
2-2: Strikes out swinging
Bottom of the 9th over - 0 runs, 0 hits, 0 errors, 0 left on base; Lake County 10 - West Michigan 3
Monday, May 13th , 2024 - OOTP Baseball 24.11 Build 85